AoeStats
← Long John Silver

Socotra

506885921Analyzed
4v4 RM · 17d ago on Sep 15, 2026· 28m 44s· 8 players
Game mode
Random Map
Map size
148×148
Population
200
Speed
Normal
Resources
Standard
Victory
Conquest
Starting age
Dark Age
Ending age
Imperial Age
RankedLock teamsTeams togetherTeam positionsShared explorationLock speedFull tech treeHidden civsTurbo modeCheats
Victory
Defeat
🇨🇳 Britons · China
1528
+15
🇨🇳 Goths · China
1498
+16
🇦🇷 Magyars · Argentina
1492
+17
🇧🇷 Persians · Brazil
1435
+19
🇺🇸 Koreans · United States
1534
-18
🇪🇨 Ethiopians · Ecuador
1512
-17
🇲🇽 Sicilians · Mexico
1485
-16
🇩🇪 Malay · Germany
1482
-16
Mr. Monty
7:10 Loom
9:22 Feudal Age
10:01 Double-Bit Axe
10:08 Man-at-Arms
26:33 Castle Age
24:21 Horse Collar
25:07 Gold Mining
Ferpo
1:38 Loom
9:05 Feudal Age
[ECU] QUITUS
2:40 Loom
11:44 Feudal Age
15:04 Fletching
15:25 Padded Archer Armor
25:46 Forging
25:37 Scale Mail Armor
Long John Silver
9:27 Feudal Age
8:32 Loom
9:44 Double-Bit Axe
9:55 Horse Collar
таҗик
5:10 Loom
6:04 Loom
9:03 Feudal Age
9:58 Double-Bit Axe
15:24 Horse Collar
17:43 Scale Barding Armor
19:01 Bloodlines
25:13 Wheelbarrow
TmZ_Mosquito Sedutor
9:54 Feudal Age
10:33 Loom
10:34 Town Watch
10:38 Double-Bit Axe
10:36 Horse Collar
15:37 Bloodlines
16:32 Forging
16:31 Scale Barding Armor
18:31 Wheelbarrow
18:09 Gold Mining
22:38 Castle Age
21:45 Forging
23:30 Bow Saw
23:22 Heavy Plow
24:07 Gold Shaft Mining
24:11 Husbandry
25:31 Chain Barding Armor
27:04 Hand Cart
28:37 Iron Casting
超级硬邦邦
1:44 Loom
9:29 Feudal Age
17:16 Fletching
18:07 Double-Bit Axe
19:05 Horse Collar
24:29 Castle Age
24:44 Crossbowman
25:22 Bodkin Arrow
Yuzu
0:26 Loom
11:32 Feudal Age
12:04 Double-Bit Axe
12:38 Man-at-Arms
22:41 Padded Archer Armor
23:29 Fletching
25:25 Wheelbarrow
29:16 Castle Age
27:16 Horse Collar
27:36 Gold Mining
28:37 Scale Mail Armor
Connection lost

Rejoining the realm…

Still unreachable

The connection could not be restored.

Session expired

The server has moved on; the page needs a fresh start.